 Dungeon Crawl Stone Soup version 0.28-a0-1038-g9c4cb8273d (webtiles) character file.

Game seed: 11239845757795562230

259 ytrimaz the Chopper (level 6, 0/53 HPs)
             Began as a Hill Orc Fighter on Dec 8, 2021.
             Slain by an orc (2 damage)
             ... on level 4 of the Dungeon.
             The game lasted 00:02:18 (2451 turns).

ytrimaz the Chopper (Hill Orc Fighter)              Turns: 2451, Time: 00:02:19

Health: 0/53       AC:  8    Str: 21    XL:     6   Next: 17%
Magic:  6/6        EV:  9    Int:  8    God:
Gold:   149        SH:  0    Dex: 10    Spells: 5/5 levels left

rFire   . . .      SeeInvis .   a - +0 war axe
rCold   . . .      Faith    .   c - +0 buckler
rNeg    . . .      Spirit   .   b - +0 scale mail
rPois   .          Reflect  .   (no helmet)
rElec   .          Harm     .   (no cloak)
rCorr   .          Rampage  .   (no gloves)
Will    .....                   h - +0 pair of boots
Stlth   ..........              (no amulet)
HPRegen 0.17/turn               (no ring)
MPRegen 0.10/turn               (no ring)

@: confused, brilliant, flying
A: no striking features
a: no special abilities


You were on level 4 of the Dungeon.
You visited 1 branch of the dungeon, and saw 5 of its levels.

You collected 149 gold pieces.

Inventory:

Hand Weapons
 a - a +0 war axe (weapon)
Missiles
 f - 31 poisoned darts (quivered)
Armour
 b - a +0 scale mail (worn)
 c - a +0 buckler (worn)
 h - a +0 pair of boots (worn)
Scrolls
 e - 2 scrolls of noise
 i - 2 scrolls of teleportation
Potions
 g - a potion of attraction
 j - a potion of brilliance
 k - a potion of flight


   Skills:
 + Level 4.7 Fighting
 + Level 5.4 Axes
 * Level 1.7 Throwing
 + Level 4.4 Armour
 * Level 3.9 Shields


You had 5 spell levels left.
You didn't know any spells.
Your spell library contained the following spells:

 Spells                   Type           Power      Damage    Failure   Level
 Ensorcelled Hibernation  Hex/Ice        0%         N/A       86%         2
 Spider Form              Tmut/Pois      0%         N/A       98%         3


Dungeon Overview and Level Annotations

Branches:
Dungeon (5/15)
 Temple: D:4-7

Altars:
Dithmenos
Hepliaklqana
Okawaru
Zin

Shops:
D:1 :   D:2 =


Message History

The orc is severely wounded.
You barely miss something. You slash the orc!
You kill the orc!
The orc closely misses you. The dart slug launches a dart at you.
The slug dart hits you but does no damage.
Something hits you. The orc hits you but does no damage.
You miss something. You closely miss the orc. Something completely misses you.
The orc barely misses you. The dart slug launches a dart at you.
The slug dart hits you but does no damage.
You miss the orc.
The orc is heavily wounded.
You closely miss something. Something hits you but does no damage.
The orc misses you. The dart slug launches a dart at you.
The slug dart misses you.
Unknown command.
You bump into the rock wall.
Something hits you but does no damage. The orc barely misses you.
The orc hits you with a +0 whip.
You hear some strange, mumbled words.
A puff of flame appears from out of thin air!
The puff of flame hits you!
* * * LOW HITPOINT WARNING * * *
Unknown command.
The orc hits you with a +0 whip.
* * * LOW HITPOINT WARNING * * *
You hear some strange, mumbled words.
You are more confused.
You see here a scroll labelled UNLECA SOREPNA.
Unknown command.
It was a potion of brilliance.
You feel clever all of a sudden. The orc hits you but does no damage.
Something hits you.
* * * LOW HITPOINT WARNING * * *
It was a potion of flight.
You feel very buoyant.
You fly up into the air.
The orc hits you with a +0 whip.
You die...

#.).##.....#
###).....##.##.
#..............
#.##..#...#....
######. #...........
...... #...........
......###...........
....w....†..........
.......o@...........
.....<){...#.##...##
......###.#### ._..#
≈≈.... #..# ...#
≈≈≈≈. #...# ####
§≈≈.. #.#.# §≈..
#.#.? .... #.###. ..
##


You could see a dart slug and an orc.

Vanquished Creatures
  A centaur (D:4)
  A scorpion (D:4)
  A centaur skeleton (D:4)
  2 adders
  A dart slug (D:2)
  5 orcs
  6 ball pythons (D:1)
  6 bats
  3 endoplasms (D:1)
  4 giant cockroaches
  9 hobgoblins
  3 jackals (D:4)
  2 quokkas (D:2)
  4 frilled lizards
  2 goblins
  12 kobolds
  13 rats
75 creatures vanquished.

Notes
Turn   | Place    | Note
-------+----------+-------------------------------------------
     0 | D:1      | ytrimaz the Hill Orc Fighter began the quest for the Orb.
     0 | D:1      | Reached XP level 1. HP: 19/19 MP: 1/1
    41 | D:1      | Found a faded altar of an unknown god.
    56 | D:1      | Reached XP level 2. HP: 10/27 MP: 2/2
   378 | D:1      | Reached skill level 3 in Axes
   547 | D:1      | Reached XP level 3. HP: 31/33 MP: 3/3
   569 | D:1      | Found Famanau's Book Shoppe.
  1387 | D:2      | Reached XP level 4. HP: 40/40 MP: 4/4
  1400 | D:2      | Found Wasou's Jewellery Shop.
  2059 | D:3      | Found a shadowy altar of Dithmenos.
  2106 | D:3      | Reached skill level 4 in Axes
  2194 | D:3      | Found a glowing silver altar of Zin.
  2200 | D:3      | Found a hazy altar of Hepliaklqana.
  2282 | D:3      | You fall into a shaft and drop 2 floors!
  2282 | D:5      | Entered Level 5 of the Dungeon
  2312 | D:4      | Noticed a scorpion
  2317 | D:4      | Killed a scorpion
  2317 | D:4      | Noticed a centaur
  2318 | D:4      | Reached skill level 1 in Throwing
  2318 | D:4      | Reached XP level 5. HP: 41/47 MP: 5/5
  2336 | D:4      | Killed a centaur
  2337 | D:4      | Reached skill level 5 in Axes
  2337 | D:4      | Reached XP level 6. HP: 16/53 MP: 6/6
  2421 | D:4      | Found an iron altar of Okawaru.
  2450 | D:4      | HP: 2/53 [something (1)]
  2451 | D:4      | Slain by an orc

Illustrated notes

Levels and vault maps discovered:
D:1:      onia_arrival_handbag, layout_rooms,
          hellmonk_ecumenical_altar_heavens_door, serial_shops, shop
D:2:      layout_basic, serial_shops, shop
D:3:      layout_loops_ring, mainiacjoe_overflow_catwalk_spiral,
          grunt_dithmenos_smoke
D:4:      layout_rooms, mainiacjoe_overflow_small_starburst,
          mainiacjoe_overflow_alcove_1, lemuel_old_faithful
D:5:      nicolae_cairo_tiling_large, layout_basic,
          chequers_temple_overflow_statue_of_worship,
          mainiacjoe_overflow_cross_hatched, minmay_temple_entry_statues,
          minmay_manual_monstrance, uniq_menkaure, uniq_crazy_yiuf_cottage

Skill      XL: |  1  2  3  4  5 |
---------------+----------------+-----
Fighting       | 4 |  4.7
Axes           | 3 4 5 |  5.4
Throwing       | 1 |  1.7
Armour         | 4 |  4.4
Shields        | |  3.9

Action                   |  1- 3 |  4- 6 || total
-------------------------+-------+-------++-------
Melee: War axe           |    97 |    80 ||   177
Throw: Dart              |       |     3 ||     3
  Use: Scroll            |     3 |     1 ||     4
       Potion            |     1 |     3 ||     4
Armor: Scale mail        |    57 |    57 ||   114
Dodge: Dodged            |    50 |    67 ||   117
Block: Buckler           |    36 |    17 ||    53

Table legend: (Time is in decaauts)
 A = Elapsed time spent in this place.
 B = Non-inter-level travel time spent in this place.
 C = Inter-level travel time spent in this place.
 D = Time resting spent in this place.
 E = Time spent auto-exploring this place.
 F = Levels seen in this place.
 G = Mean time per level.
                   A        B        C        D        E       F      G
               +--------+--------+--------+--------+--------+-----+--------+
         Total |   2507 |   2494 |     13 |      0 |   1991 |   5 |  501.4 |
       Dungeon |   2507 |   2494 |     13 |      0 |   1991 |   5 |  501.4 |
               +--------+--------+--------+--------+--------+-----+--------+

Top non-repeatable levels by time:
     D:2: 1241 daAuts
     D:1: 734 daAuts
     D:3: 353 daAuts
     D:4: 150 daAuts
     D:5: 27 daAuts
